 Dungeon Crawl Stone Soup version 0.18-a0-1126-ga2d7f46 (webtiles) character file.

499 namelastname112 the Chopper (level 6, -2/52 HPs)
             Began as a Draconian Wanderer on Jan 21, 2016.
             Slain by a decayed bog body (3 damage)
             ... in an ossuary.
             The game lasted 00:07:36 (3771 turns).

namelastname112 the Chopper (Draconian Wanderer)    Turns: 3771, Time: 00:07:36

Health: -2/52      AC:  6    Str: 15    XL:     6   Next: 94%
Magic:  6/6        EV: 12    Int: 13    God:
Gold:   189        SH:  0    Dex: 11    Spells: 0 memorised, 5 levels left

rFire  . . .     SeeInvis .     a - +2 hand crossbow
rCold  . . .     Gourm    .     (armour unavailable)
rNeg   + . .     Faith    .     (no shield)
rPois  +         Spirit   .     (helmet restricted)
rElec  .         Dismiss  .     (no cloak)
rCorr  .         Reflect  .     (no gloves)
SustAt .         Harm     .     (no boots)
MR     +....                    j - amulet of rage
Stlth  +.........               u - ring of positive energy
                                g - ring of flight

@: somewhat resistant to hostile enchantments, very unstealthy
A: unfitting armour, magic resistance 1, mutation resistance 1, poison
resistance, cold-blooded, AC +6
a: Evoke Berserk Rage, Evoke Flight


You were in an ossuary.
You were very hungry.

You visited 1 branch of the dungeon, and saw 4 of its levels.
You also visited: Ossuary.

You collected 189 gold pieces.

Inventory:

Hand Weapons
 a - a +2 hand crossbow (weapon)
 d - a +0 hand axe
Missiles
 b - 18 bolts (quivered)
 n - 5 curare-tipped needles
 r - 12 poisoned needles
Jewellery
 g - a ring of flight (left hand)
 j - an amulet of rage (around neck)
 u - a ring of positive energy (right hand)
Scrolls
 e - 7 scrolls of identify
 l - a scroll of blinking {unknown}
 q - 3 scrolls of teleportation
 t - a scroll of random uselessness {unknown}
 v - a scroll of enchant weapon {unknown}
 w - a scroll of fog {unknown}
Potions
 h - a potion of lignification {unknown}
 i - a potion of curing
 m - a potion of magic {unknown}
Comestibles
 f - 7 bread rations


   Skills:
 + Level 3.9 Fighting
 * Level 6.6 Axes
 - Level 2.6 Crossbows
 - Level 1.0 Throwing
 + Level 2.9 Dodging
 - Level 1.0 Evocations


You had 5 spell levels left.
You didn't know any spells.

Dungeon Overview and Level Annotations

Branches:
Dungeon (4/15)
 Temple: D:4-7

Altars:
Nemelex Xobeh


Innate Abilities, Weirdness & Mutations

Your plain brown scales are hard (AC +6).
Your body does not fit into most forms of armour.
You are cold-blooded and may be slowed by cold attacks.
You are resistant to hostile enchantments.
You are somewhat resistant to further mutation.
Your system is resistant to poisons.


Message History

The decayed bog body barely misses you.
The decayed bog body closely misses you.
The decayed bog body barely misses you.
The decayed bog body touches you but does no damage.
Firing (i - inventory):
b - 20 bolts (quivered)
Press: ? - help, Shift-Dir - straight line, f/p - decayed bog body
Aim: a decayed bog body (moderately damaged)
You shoot a bolt. The bolt hits the decayed bog body!
The decayed bog body is severely damaged.
The decayed bog body barely misses you.
The decayed bog body touches you but does no damage.
Firing (i - inventory):
b - 19 bolts (quivered)
Press: ? - help, Shift-Dir - straight line, f/p - decayed bog body
Aim: a decayed bog body (severely damaged)
You shoot a bolt. The bolt hits the decayed bog body.
The decayed bog body is severely damaged.
The decayed bog body hits you!!
* * * LOW HITPOINT WARNING * * *
The decayed bog body touches you.
You die...

###...#..∩#
##≈≈#≈≈#####≈#
#≈≈#P≈÷'.# ≈'
###≈##≈#####≈#
#≈..≈#...#.#
#≈##≈.≈...#≈#
≈##P..#...#≈#
#####≈≈#####≈#####Z
#≈≈P≈.....@.≈≈..≈.
##≈≈#.≈.#n≈.≈.#.≈≈
#≈#≈≈.#P#.#P#P#
#≈##≈≈#≈#≈≈## ≈# ≈
#≈≈#≈≈#≈## # # ≈≈##
#≈≈≈≈ ### #≈≈≈≈
#≈##≈


You could see a decayed bog body and a quokka zombie (wandering).

Vanquished Creatures
  A bog body (Ossuary)
  3 giant frog zombies (Ossuary)
  A wasp zombie (Ossuary)
  2 centaur zombies (Ossuary)
  A worker ant (D:4)
  9 mummies (Ossuary)
  2 worker ant zombies (Ossuary)
  An adder (D:2)
  2 oozes (D:1)
  3 adder zombies (Ossuary)
  3 giant geckos
  An orc (D:3)
  4 giant cockroaches
  7 goblins
  7 hobgoblins
  8 kobolds
  2 quokkas (D:3)
  3 ball pythons
  8 bats
  2 giant cockroach zombies (Ossuary)
  2 giant newts
  A jackal zombie (Ossuary)
  46 rats
119 creatures vanquished.

Vanquished Creatures (others)
  3 withered plants (Ossuary)
3 creatures vanquished.

Grand Total: 122 creatures vanquished

Notes
Turn   | Place    | Note
--------------------------------------------------------------
     0 | D:1      | namelastname112 the Draconian Wanderer began the quest for the Orb.
     0 | D:1      | namelastname112 set off with: a +2 hand crossbow, 23 bolts, a +0 mace, a +0 hand axe, a bread ration
     0 | D:1      | Reached XP level 1. HP: 16/16 MP: 1/1
   116 | D:1      | Reached XP level 2. HP: 20/23 MP: 2/2
   483 | D:1      | Reached XP level 3. HP: 20/29 MP: 3/3
   540 | D:1      | Found a sparkling altar of Nemelex Xobeh.
   590 | D:1      | Reached skill level 1 in Dodging
  1592 | D:2      | Reached XP level 4. HP: 34/37 MP: 4/4
  2052 | D:3      | Gained mutation: You are resistant to hostile enchantments. [potion of mutation]
  2052 | D:3      | Gained mutation: Your system is resistant to poisons. [potion of mutation]
  2052 | D:3      | Gained mutation: You are somewhat resistant to further mutation. [potion of mutation]
  2148 | D:3      | Reached skill level 5 in Axes
  2631 | D:4      | Found a sand-covered staircase.
  2686 | Ossuary  | Entered an ossuary
  2702 | Ossuary  | Reached XP level 5. HP: 17/44 MP: 5/5
  3110 | Ossuary  | Reached XP level 6. HP: 29/51 MP: 6/6
  3126 | Ossuary  | Reached skill level 6 in Axes
  3771 | Ossuary  | HP: 1/52 [decayed bog body (21)]
  3771 | Ossuary  | Slain by a decayed bog body

Vault maps used:
D:1:      dpeg_arrival_round_b, nemelex_diamond_rough_becter
D:2:      minmay_rats_cheesy_pizza
D:3:      first_bread
D:4:      gammafunk_temple_overflow_wave, enter_ossuary_1, serial_corexii_hall,
          corexii_hall_statues_i, corexii_hall_statues_i,
          corexii_hall_statues_deadend, corexii_hall_statues_i
Ossuary:  ossuary_zaba_flooded

Action                   |  1- 3 |  4- 6 || total
-------------------------+-------+-------++-------
Melee: Hand axe          |   127 |   232 ||   359
 Fire: Hand crossbow     |       |    34 ||    34
 Abil: Evoke Berserk Rag |       |     1 ||     1
  Use: Scroll            |       |     3 ||     3
       Potion            |       |    11 ||    11
  Eat: Chunk             |     2 |     4 ||     6
       Pizza             |       |     1 ||     1
       Beef jerky        |       |     1 ||     1
